MID
AUGUSTA GREENJACKETS @ GREAT LAKES LOONS
05/02/2048
 
TOP OF THE 1ST
Augusta GreenJackets batting - Pitching for Great Lakes Loons : RHP Bob Lattin
Pitching: RHP Bob Lattin
Batting: RHB Armando Ramirez 0-0: Called Strike
0-1: Foul Ball, location: 2F
0-2: Ground out 3-1 (Groundball, 34S, EV 85.0 MPH)
Batting: RHB Tsugio Yamaguchi 0-0: Ground out 4-3 (Groundball, 4, EV 100.6 MPH)
Batting: LHB Chris West 0-0: Swinging Strike
0-1: Foul Ball, location: 2F
0-2: Ball
1-2: SINGLE (Groundball, 5L, EV 87.5 MPH) (infield hit)
Batting: LHB Alex Larangho 0-0: Ball
1-0: Fly out, F9 (Flyball, 89S, EV 94.4 MPH)
Top of the 1st over - 0 runs, 1 hit, 0 errors, 1 left on base; Augusta 0 - Great Lakes 0
BOTTOM OF THE 1ST
Great Lakes Loons batting - Pitching for Augusta GreenJackets : RHP François Leclerc
Pitching: RHP François Leclerc
Batting: RHB Jason Baldwin 0-0: Ball
1-0: Foul Ball, location: 2F
1-1: Called Strike
1-2: Fly out, F8 (Flyball, 8RM, EV 82.5 MPH)
Batting: LHB Tore Bosch 0-0: Called Strike
0-1: Ball
1-1: Ball
2-1: Ball
3-1: Foul Ball, location: 2F
3-2: SINGLE (Groundball, 34S, EV 72.5 MPH) (infield hit)
Batting: LHB Jesus Ramirez 0-0: Called Strike
0-1: Ball
1-1: Fly out, F4 (Popup, 34D, EV 61.9 MPH)
Batting: SHB Xavier Alaniz 0-0: Ball
1-0: Ball
2-0: Foul Ball, location: 2F
2-1: Ground out 4-3 (Groundball, 4, EV 87.5 MPH)
Bottom of the 1st over - 0 runs, 1 hit, 0 errors, 1 left on base; Augusta 0 - Great Lakes 0
TOP OF THE 2ND
Augusta GreenJackets batting - Pitching for Great Lakes Loons : RHP Bob Lattin
Batting: RHB Ryan Roberts 0-0: Ball
1-0: Called Strike
1-1: Foul Ball, location: 2F
1-2: Strikes out swinging
Batting: RHB Harry Dickson 0-0: Called Strike
0-1: Foul Ball, location: 2F
0-2: Ball
1-2: Fly out, F5 (Line Drive, 5, EV 65.6 MPH)
Batting: RHB Jaime Rios 0-0: Ground out 3-1 (Groundball, 34, EV 85.6 MPH)
Top of the 2nd over - 0 runs, 0 hits, 0 errors, 0 left on base; Augusta 0 - Great Lakes 0
BOTTOM OF THE 2ND
Great Lakes Loons batting - Pitching for Augusta GreenJackets : RHP François Leclerc
Batting: RHB Javier Solis 0-0: Ball
1-0: Ball
2-0: Fly out, F6 (Popup, P, EV 80.6 MPH)
Batting: LHB Jim Jardine 0-0: Swinging Strike
0-1: Swinging Strike
0-2: Ground out 5-3 (Groundball, 56, EV 104.4 MPH)
Batting: RHB Steve Clark 0-0: Ball
1-0: Called Strike
1-1: Ball
2-1: Ball
3-1: Base on Balls
Batting: RHB Ruben Serrata 0-0: Ball
1-0: Ball
2-0: 2-RUN HOME RUN (Flyball, 7LD, EV 91.2 MPH), Distance : 355 ft
Batting: LHB Cory Bowler 0-0: Foul Ball, location: 2F
0-1: Ball
1-1: Ground out 4-3 (Groundball, 4M, EV 99.4 MPH)
Bottom of the 2nd over - 2 runs, 1 hit, 0 errors, 0 left on base; Augusta 0 - Great Lakes 2
TOP OF THE 3RD
Augusta GreenJackets batting - Pitching for Great Lakes Loons : RHP Bob Lattin
Batting: RHB David Bibian 0-0: Called Strike
0-1: Called Strike
0-2: TRIPLE (Flyball, 89XD, EV 92.5 MPH)
Batting: RHB Chris Kulik 0-0: Called Strike
0-1: Fly out, F7 (Flyball, 78M, EV 86.2 MPH)
Runner from 3rd tags up, SCORES, throw by LF
Batting: RHB Armando Ramirez 0-0: Ball
1-0: Swinging Strike
1-1: Called Strike
1-2: Ball
2-2: Strikes out swinging
Batting: RHB Tsugio Yamaguchi 0-0: Ball
1-0: Foul Ball, location: 2F
1-1: Ball
2-1: Foul Ball, location: 2F
2-2: Ball
3-2: Foul Ball, location: 2F
3-2: Strikes out swinging
Top of the 3rd over - 1 run, 1 hit, 0 errors, 0 left on base; Augusta 1 - Great Lakes 2
BOTTOM OF THE 3RD
Great Lakes Loons batting - Pitching for Augusta GreenJackets : RHP François Leclerc
Batting: RHB Jason Baldwin 0-0: Foul Ball, location: 2F
0-1: Ball
1-1: Swinging Strike
1-2: Strikes out swinging
Batting: LHB Tore Bosch 0-0: Ground out 4-3 (Groundball, 4, EV 85.6 MPH)
Batting: LHB Jesus Ramirez 0-0: SINGLE (Flyball, 56D, EV 90.0 MPH)
Batting: SHB Xavier Alaniz 0-0: Called Strike
0-1: Ball
1-1: Foul Ball, location: 2F
1-2: Ball
2-2: Ball
3-2: Foul Ball, location: 2F
3-2: Base on Balls
Jesus Ramirez to second
Batting: RHB Javier Solis 0-0: Foul Ball, location: 2F
0-1: Ball
Passed Ball!
Jesus Ramirez to third
Xavier Alaniz to second
1-1: Called Strike
1-2: SINGLE (Groundball, 56D, EV 99.4 MPH) - runner OUT being hit by batted ball. (infield hit)
Bottom of the 3rd over - 0 runs, 2 hits, 0 errors, 2 left on base; Augusta 1 - Great Lakes 2
TOP OF THE 4TH
Augusta GreenJackets batting - Pitching for Great Lakes Loons : RHP Bob Lattin
Batting: LHB Chris West 0-0: Ball
1-0: Ball
2-0: Called Strike
2-1: Ball
3-1: Called Strike
3-2: Base on Balls
Batting: LHB Alex Larangho 0-0: Swinging Strike
0-1: Swinging Strike
0-2: Ball
1-2: Fielders Choice at 2nd, 5-4 (Groundball, 56, EV 104.4 MPH)
Batting: RHB Ryan Roberts 0-0: Grounds into double play, 6-4-3 (Groundball, 6, EV 90.6 MPH)
Top of the 4th over - 0 runs, 0 hits, 0 errors, 0 left on base; Augusta 1 - Great Lakes 2
BOTTOM OF THE 4TH
Great Lakes Loons batting - Pitching for Augusta GreenJackets : RHP François Leclerc
Batting: LHB Jim Jardine 0-0: Ball
1-0: Called Strike
1-1: SINGLE (Line Drive, 78S, EV 92.5 MPH)
Batting: RHB Steve Clark 0-0: Ball
1-0: Fielders Choice at 2nd, 1-6 (Groundball, 13, EV 74.4 MPH)
Batting: RHB Ruben Serrata 0-0: Called Strike
0-1: Ball
1-1: Swinging Strike
1-2: SINGLE (Groundball, 6MD, EV 104.4 MPH)
Steve Clark to second
Batting: LHB Cory Bowler 0-0: Ball
1-0: SINGLE (Groundball, 6MD, EV 97.5 MPH)
Steve Clark to third
Ruben Serrata to second
Pitching: LHP Ricky Coats
Batting: RHB Jason Baldwin 0-0: Foul Ball, location: 2F
0-1: Ball
1-1: Ball
2-1: Ball
3-1: Foul Ball, location: 2F
3-2: Base on Balls
Steve Clark scores
Ruben Serrata to third
Cory Bowler to second
Batting: LHB Tore Bosch 0-0: Grounds into double play, 6-4-3 (Groundball, 6, EV 80.6 MPH)
Bottom of the 4th over - 1 run, 3 hits, 0 errors, 2 left on base; Augusta 1 - Great Lakes 3
TOP OF THE 5TH
Augusta GreenJackets batting - Pitching for Great Lakes Loons : RHP Bob Lattin
Batting: RHB Harry Dickson 0-0: Ball
1-0: Ground out 5-3 (Groundball, 56S, EV 84.4 MPH)
Batting: RHB Jaime Rios 0-0: Foul Ball, location: 2F
0-1: Ball
1-1: Ball
2-1: Called Strike
2-2: Foul Ball, location: 2F
2-2: Ball
3-2: Ground out 4-3 (Groundball, 4, EV 88.1 MPH)
Batting: RHB David Bibian 0-0: Fly out, F9 (Flyball, 9, EV 91.9 MPH)
Top of the 5th over - 0 runs, 0 hits, 0 errors, 0 left on base; Augusta 1 - Great Lakes 3
BOTTOM OF THE 5TH
Great Lakes Loons batting - Pitching for Augusta GreenJackets : LHP Ricky Coats
Batting: LHB Jesus Ramirez 0-0: Called Strike
0-1: Ground out 6-3 (Groundball, 6, EV 85.0 MPH)
Batting: SHB Xavier Alaniz 0-0: Ball
1-0: Foul Ball, location: 2F
1-1: Ground out 6-3 (Groundball, 6, EV 85.0 MPH)
Batting: RHB Javier Solis 0-0: Called Strike
0-1: Ground out 6-3 (Groundball, 6, EV 83.1 MPH)
Bottom of the 5th over - 0 runs, 0 hits, 0 errors, 0 left on base; Augusta 1 - Great Lakes 3
TOP OF THE 6TH
Augusta GreenJackets batting - Pitching for Great Lakes Loons : RHP Bob Lattin
Batting: RHB Chris Kulik 0-0: Ball
1-0: Ball
2-0: Called Strike
2-1: Called Strike
2-2: Foul Ball, location: 2F
2-2: DOUBLE (Line Drive, 3D, EV 105.0 MPH)
Batting: RHB Armando Ramirez 0-0: Ground out 6-3 (Groundball, 56, EV 91.2 MPH)
Pitching: RHP Andre Wiltz
Batting: RHB Tsugio Yamaguchi 0-0: Ball
1-0: Foul Ball, location: 2F
1-1: Ball
2-1: Called Strike
2-2: Foul Ball, location: 2F
2-2: Foul Ball, location: 2F
2-2: SINGLE (Groundball, 6M, EV 102.5 MPH)
Chris Kulik to third
Runner from 3rd tries for Home, throw by CF and OUT! 8-2
Tsugio Yamaguchi to second
Batting: LHB Chris West 0-0: Called Strike
0-1: Ball
1-1: Fly out, F9 (Line Drive, 9, EV 107.5 MPH)
Top of the 6th over - 0 runs, 2 hits, 0 errors, 1 left on base; Augusta 1 - Great Lakes 3
BOTTOM OF THE 6TH
Great Lakes Loons batting - Pitching for Augusta GreenJackets : LHP Ricky Coats
Batting: LHB Jim Jardine 0-0: Called Strike
0-1: Ball
1-1: Ball
2-1: Ball
3-1: Base on Balls
Batting: RHB Steve Clark 0-0: Called Strike
0-1: SINGLE (Line Drive, 7S, EV 95.0 MPH)
Jim Jardine to second
Batting: RHB Ruben Serrata 0-0: Called Strike
0-1: Foul Ball, location: 2F
0-2: DOUBLE (Groundball, 5L, EV 97.5 MPH)
Jim Jardine scores
Steve Clark to third
Batting: LHB Cory Bowler 0-0: Called Strike
0-1: Foul Ball, location: 2F
0-2: Strikes out swinging
Batting: RHB Jason Baldwin 0-0: Called Strike
0-1: Ball
1-1: Called Strike
1-2: SINGLE (Line Drive, 4MD, EV 109.4 MPH)
Steve Clark scores
Ruben Serrata to third
Runner from 3rd tries for Home, SAFE, throw by CF to home
Pitching: RHP Nick McDade
Batting: LHB Tore Bosch 0-0: Called Strike
0-1: Called Strike
0-2: Ball
1-2: Foul Ball, location: 2F
1-2: Fielders Choice at 2nd, 6-4 (Groundball, 6M, EV 80.6 MPH)
Batting: LHB Jesus Ramirez 0-0: Called Strike
0-1: Ball
1-1: DOUBLE (Groundball, 5L, EV 98.8 MPH)
Tore Bosch to third
Batting: SHB Xavier Alaniz 0-0: Ball
1-0: Swinging Strike
1-1: Foul Ball, location: 2F
1-2: Strikes out swinging
Bottom of the 6th over - 3 runs, 4 hits, 0 errors, 2 left on base; Augusta 1 - Great Lakes 6
TOP OF THE 7TH
Augusta GreenJackets batting - Pitching for Great Lakes Loons : RHP Andre Wiltz
Batting: LHB Alex Larangho 0-0: Swinging Strike
0-1: Foul Ball, location: 2F
0-2: Strikes out looking
Batting: RHB Ryan Roberts 0-0: Swinging Strike
0-1: Foul Ball, location: 2F
0-2: Ball
1-2: Strikes out swinging
Batting: RHB Harry Dickson 0-0: Called Strike
0-1: Ground out 6-3 (Groundball, 6, EV 88.8 MPH)
Top of the 7th over - 0 runs, 0 hits, 0 errors, 0 left on base; Augusta 1 - Great Lakes 6
BOTTOM OF THE 7TH
Great Lakes Loons batting - Pitching for Augusta GreenJackets : RHP Nick McDade
Batting: RHB Javier Solis 0-0: Called Strike
0-1: Ball
1-1: Ball
2-1: Foul Ball, location: 2F
2-2: Ball
3-2: SINGLE (Groundball, 6D, EV 96.9 MPH)
Batting: LHB Jim Jardine 0-0: Called Strike
0-1: Called Strike
0-2: Ball
1-2: Ball
2-2: Strikes out swinging
Batting: RHB Steve Clark 0-0: Ball
1-0: Ball
2-0: Foul Ball, location: 2F
2-1: SINGLE (Flyball, 89S, EV 96.2 MPH)
Javier Solis to second
Batting: RHB Ruben Serrata 0-0: Ball
1-0: Fielders Choice at 2nd, 1-6 (Groundball, 34S, EV 69.4 MPH)
Javier Solis to third
Batting: LHB Cory Bowler 0-0: Ball
1-0: Reached on error, E2 (Groundball, 13S, EV 64.4 MPH)
Javier Solis scores
Ruben Serrata to third
Batting: RHB Jason Baldwin 0-0: Ball
1-0: Ball
2-0: Called Strike
2-1: Ball
3-1: Fly out, F3 (Line Drive, 3, EV 71.9 MPH)
Bottom of the 7th over - 1 run, 2 hits, 1 error, 2 left on base; Augusta 1 - Great Lakes 7
TOP OF THE 8TH
Augusta GreenJackets batting - Pitching for Great Lakes Loons : RHP Andre Wiltz
Batting: RHB Jaime Rios 0-0: Swinging Strike
0-1: Called Strike
0-2: SINGLE (Groundball, 56D, EV 96.9 MPH)
Batting: RHB David Bibian 0-0: Foul Ball, location: 2F
0-1: Ball
1-1: Called Strike
1-2: Ball
2-2: Strikes out swinging
Batting: RHB Chris Kulik 0-0: Called Strike
0-1: Ball
1-1: SINGLE (Flyball, 56D, EV 90.0 MPH)
Jaime Rios to second
Batting: RHB Armando Ramirez 0-0: Ball
1-0: Called Strike
1-1: Called Strike
1-2: Fly out, F8 (Flyball, 8LD, EV 93.8 MPH)
Runner from 2nd tags up, SAFE at 3rd with throw by CF
Batting: RHB Tsugio Yamaguchi 0-0: Ball
1-0: Swinging Strike
1-1: Foul Ball, location: 2F
1-2: Strikes out swinging
Top of the 8th over - 0 runs, 2 hits, 0 errors, 2 left on base; Augusta 1 - Great Lakes 7
BOTTOM OF THE 8TH
Great Lakes Loons batting - Pitching for Augusta GreenJackets : RHP Nick McDade
Batting: LHB Tore Bosch 0-0: Ball
1-0: Foul Ball, location: 2F
1-1: Swinging Strike
1-2: Strikes out looking
Pitching: RHP Hiroaki Yazawa
Batting: LHB Jesus Ramirez 0-0: Called Strike
0-1: Swinging Strike
0-2: Ball
1-2: Ball
2-2: Strikes out swinging
Batting: SHB Xavier Alaniz 0-0: Called Strike
0-1: Ball
1-1: Ball
2-1: DOUBLE (Line Drive, 78XD, EV 109.4 MPH)
Batting: RHB Javier Solis 0-0: Ball
1-0: Ball
2-0: Swinging Strike
2-1: SINGLE (Groundball, 4D, EV 95.0 MPH)
Xavier Alaniz to third
Runner from 3rd tries for Home, SAFE, throw by CF to home
Batting: LHB Jim Jardine 0-0: Foul Ball, location: 2F
0-1: Ball
1-1: Foul Ball, location: 2F
1-2: Strikes out swinging
Bottom of the 8th over - 1 run, 2 hits, 0 errors, 1 left on base; Augusta 1 - Great Lakes 8
TOP OF THE 9TH
Augusta GreenJackets batting - Pitching for Great Lakes Loons : RHP Andre Wiltz
Batting: LHB Chris West 0-0: Ball
1-0: Swinging Strike
1-1: Ball
2-1: Foul Ball, location: 2F
2-2: Strikes out swinging
Batting: LHB Alex Larangho 0-0: Called Strike
0-1: Called Strike
0-2: Ground out U3 (Groundball, 34, EV 103.1 MPH)
Batting: RHB Ryan Roberts 0-0: Foul Ball, location: 2F
0-1: Fly out, F9 (Flyball, 9S, EV 82.5 MPH)
Top of the 9th over - 0 runs, 0 hits, 0 errors, 0 left on base; Augusta 1 - Great Lakes 8
Tuesday, March 28th , 2023 - OOTP Baseball 23.10 Build 110